Map: Dusty Gorge

Players

Adversity - Winner!

  • Race: Terran Terran
  • Spawn Location: 5:00

Green - Winner!

  • Race: Terran Terran
  • League: Diamond
  • Spawn Location: 3:00

rioT

  • Race: Terran Terran
  • League: Master
  • Spawn Location: 9:00

SHIVERED

  • Race: Terran Terran
  • League: Diamond
  • Spawn Location: 11:00

VOD

Have the link to the VOD?

Description

Time

  • Played on: July 12, 2018, 3:59 p.m.
  • Length: 10:10
Show
View Real Time Build Order
Export as new Build Order

Adversity Terran - Winner!

Build Orders:  

Get SALT Encoding   

  12  0:00  SCV  
  13  0:13  SCV  
  14  0:18  Supply Depot  
  14  0:25  SCV  
  15  0:29  Refinery  
  15  0:39  SCV  
  16  0:46  Barracks  
  16  0:52  SCV  
  17  1:04  SCV  
  18  1:08  Barracks  
  18  1:16  SCV  
  19  1:27  Barracks  
  19  1:32  Reaper  
  20  1:42  Orbital Command  
  20  1:54  Supply Depot  
  20  1:56  Reaper  
  21  2:02  Refinery  
  21  2:05  Reaper  
  22  2:09  SCV  
  22  2:15  Reaper  
  23  2:23  Supply Depot  
  23  2:25  SCV  
  23  2:29  Reaper  
  25  2:39  SCV  
  25  2:41  Reaper  
  27  2:50  Reaper  
  27  3:01  Reaper, SCV  
  29  3:07  Command Center  
  29  3:13  SCV  
  30  3:23  Reaper x2  
  31  3:39  Reaper  
  31  3:41  SCV  
  31  3:44  Engineering Bay  
  32  3:58  Barracks Tech Lab  
  32  3:59  Barracks Reactor  
  32  4:00  SCV  
  32  4:03  Factory  
  32  4:18  Marine x2  
  32  4:39  Orbital Command  
  32  4:40  SCV  
  32  4:41  Missile Turret  
  32  4:42  Marine x4  
  32  4:43  Missile Turret, Stimpack  
  32  4:44  Terran Infantry Weapons Level 1  
  33  4:53  Barracks  
  33  4:54  Barracks  
  33  4:59  SCV  
  34  5:05  Factory Reactor, Starport  
  34  5:08  SCV  
  34  5:11  SCV  
  36  5:21  SCV  
  37  5:23  Marine x3  
  37  5:24  Marine  
  41  5:29  SCV  
  41  5:32  Supply Depot  
  41  5:33  SCV  
  43  5:37  Engineering Bay  
  43  5:41  Marine x3, SCV  
  43  5:42  Marine x2  
  49  5:45  Marine  
  50  5:53  SCV x2  
  50  5:54  Medivac x2  
  56  5:58  Supply Depot  
  56  6:07  SCV  
  56  6:11  Marine  
  56  6:12  Marine, Barracks Reactor x2  
  56  6:14  Barracks Reactor  
  56  6:15  SCV  
  56  6:18  Refinery x2  
  59  6:21  Supply Depot, SCV  
  59  6:24  Terran Infantry Armor Level 1  
  60  6:27  SCV  
  60  6:30  Marine x2  
  60  6:31  Marine  
  64  6:35  SCV  
  64  6:39  SCV  
  64  6:48  SCV  
  64  6:50  Marine x2  
  64  6:51  SCV, Combat Shield  
  67  6:54  Marine x2  
  67  6:58  Armory, Marine  
  68  7:06  Supply Depot  
  68  7:10  Marine x5  
  73  7:29  Factory Tech Lab  
  61  7:38  Marine x3  
  61  7:39  Marine x5  
  61  7:41  SCV x2  
  61  7:42  Medivac x2  
  75  7:45  Supply Depot  
  75  7:47  Siege Tank  
  78  7:54  Terran Infantry Weapons Level 2  
  78  7:59  Marine x4  
  78  8:04  Supply Depot  
  78  8:05  Marine x2  
  83  8:10  Marine x3  
  87  8:23  Siege Tank  
  90  8:28  Marine x4  
  90  8:29  Supply Depot  
  94  8:38  Marine x4  
  98  8:44  Marine  
  98  8:45  Marine  
  98  8:46  Marine x2  
  82  8:49  Medivac  
  82  8:50  Medivac  
  82  8:54  Marine  
  87  8:56  Marine x3, Siege Tank  
  93  9:06  Supply Depot, Marine x3  
  93  9:07  Marine x2  
  98  9:12  Marine  
  99  9:22  Marine x3  
  102  9:24  Medivac x2  
  106  9:39  Marine  
  106  9:40  Marine x2  
  106  9:44  Command Center  
Show
View Real Time Build Order
Export as new Build Order

Green Terran - Winner!

Build Orders: Cyclone Opening 

Get SALT Encoding   

  12  0:00  SCV  
  13  0:13  SCV  
  14  0:18  Supply Depot  
  14  0:25  SCV  
  15  0:39  SCV  
  15  0:42  Barracks  
  16  0:47  Refinery  
  16  0:52  SCV  
  17  0:58  Refinery  
  17  1:04  SCV  
  18  1:16  SCV  
  19  1:29  Barracks Tech Lab, Orbital Command  
  19  1:32  Supply Depot  
  19  1:45  Factory  
  19  1:52  Marauder  
  21  1:58  SCV  
  22  2:02  Concussive Shells  
  22  2:11  SCV  
  22  2:14  Marauder  
  25  2:31  Cyclone  
  25  2:33  SCV  
  25  2:36  Supply Depot  
  29  2:41  Marauder  
  31  2:55  Supply Depot  
  31  2:58  SCV  
  32  3:04  Cyclone  
  35  3:08  Stimpack  
  35  3:09  Marauder  
  37  3:15  SCV  
  36  3:34  SCV  
  32  3:43  Marauder  
  32  3:48  SCV  
  33  4:01  Command Center  
  33  4:08  SCV  
  33  4:09  Factory Tech Lab  
  34  4:14  Starport  
  34  4:23  SCV  
  33  4:30  Siege Tank  
  33  4:35  SCV  
  34  4:38  Barracks  
  34  4:44  Barracks x2  
  34  4:46  Marine  
  34  4:47  SCV  
  36  4:54  Viking  
  38  5:03  Siege Tank  
  39  5:12  Marine  
  40  5:16  Supply Depot  
  40  5:24  Viking  
  38  5:40  Marine x4  
  18  5:57  Marine x2  
  18  6:01  Marine x2  
  20  6:15  Marine x2  
  20  6:17  SCV  
  23  6:37  Factory Reactor, Marine  
  23  7:04  Orbital Command  
  23  7:08  Raven  
  25  7:25  SCV  
  28  7:32  SCV  
  28  7:37  SCV  
  28  7:40  Marine  
  28  7:42  Marine  
  30  7:50  Combat Shield  
  30  7:55  Factory Reactor  
  30  8:07  SCV x2  
  30  8:11  Medivac x2  
  36  8:16  Marauder  
  36  8:19  Marauder  
  40  8:22  SCV  
  40  8:26  SCV  
  42  8:30  Marine  
  43  8:36  Marine  
  43  8:39  Marine x2  
  43  8:40  Marine  
  47  8:41  SCV  
  47  8:43  SCV  
  47  8:48  Marine  
  50  9:15  Factory Tech Lab  
  50  9:16  Barracks Reactor  
  50  9:17  Marine x3  
  50  9:18  Medivac x2  
  50  9:19  Marine  
  58  9:26  Barracks  
  58  9:27  SCV  
  58  9:28  Barracks  
  59  9:35  Marine x3  
  59  9:36  Marine  
Show
View Real Time Build Order
Export as new Build Order

rioT Terran 

Build Orders: Cyclone Opening 

Get SALT Encoding   

  12  0:00  SCV  
  13  0:13  SCV  
  14  0:18  Supply Depot  
  14  0:25  SCV  
  15  0:40  SCV  
  15  0:41  Barracks  
  16  0:46  Refinery  
  16  0:52  Refinery  
  16  0:56  SCV  
  17  1:08  SCV  
  18  1:20  SCV  
  19  1:29  Reaper  
  19  1:31  Supply Depot  
  20  1:33  Orbital Command  
  20  1:46  Factory  
  20  1:59  SCV  
  20  2:01  Reaper  
  22  2:11  SCV  
  23  2:23  SCV  
  24  2:31  Cyclone, Starport  
  27  2:38  SCV  
  27  2:41  Supply Depot, Barracks Tech Lab  
  27  2:50  SCV  
  28  3:02  SCV  
  28  3:03  Cyclone  
  28  3:05  Supply Depot  
  32  3:27  Banshee  
  31  3:45  Cyclone  
  31  3:46  Barracks Tech Lab  
  31  3:48  SCV  
  34  3:50  Supply Depot  
  34  4:07  SCV  
  35  4:12  Command Center  
  35  4:25  Cloaking Field  
  35  4:26  Banshee  
  35  4:28  Cyclone  
  41  4:44  Barracks Reactor  
  41  4:48  Command Center  
  41  4:51  SCV  
  42  5:00  Refinery  
  42  5:01  Refinery  
  42  5:03  SCV  
  43  5:15  SCV  
  43  5:16  Barracks x3  
  43  5:17  Engineering Bay  
  43  5:19  Barracks  
  44  5:22  Engineering Bay  
  44  5:23  Factory Tech Lab, Banshee  
  44  5:27  SCV  
  48  5:39  SCV  
  43  5:51  SCV  
  43  5:53  Marine x2  
  43  5:54  Orbital Command  
  43  5:58  Terran Infantry Armor Level 1, Terran Infantry Weapons Level 1  
  43  6:04  SCV, Barracks Tech Lab  
  44  6:05  Barracks Tech Lab  
  44  6:07  Barracks Reactor x2  
  44  6:16  SCV  
  42  6:24  Siege Tank  
  45  6:27  Marine x3, Stimpack, Combat Shield  
  45  6:28  Marine, SCV  
  45  6:30  SCV  
  45  6:31  Starport Reactor  
  48  6:40  SCV  
  48  6:45  Marine x4  
  53  6:53  SCV x2  
  55  6:55  Marine  
  55  6:56  Marine x3  
  59  7:03  Marine x3  
  59  7:05  SCV x2  
  59  7:08  Factory, Marine  
  62  7:13  Marine  
  62  7:14  Marine x3  
  66  7:20  Siege Tank  
  66  7:21  Marine x3  
  72  7:24  Medivac x2  
  72  7:25  Marine  
  69  7:31  Marine x3  
  69  7:32  Marine  
  67  7:38  Marine  
  67  7:39  Marine x2, SCV  
  67  7:43  Marine  
  72  7:49  Marine x4  
  76  7:52  Orbital Command  
  76  7:54  Medivac  
  76  7:55  Siege Tank x2  
  85  8:01  Supply Depot  
  85  8:03  Supply Depot  
  84  8:11  Marine  
  85  8:21  Armory, Supply Depot x2  
  85  8:22  Marine x4, SCV  
  90  8:35  Marine x4  
  90  8:39  Orbital Command  
  90  8:40  Marine x4  
  96  8:47  SCV  
  86  8:51  Medivac  
  86  8:53  Marine x4  
  92  8:58  Marine x2  
  92  8:59  SCV  
  92  9:00  SCV  
  96  9:09  Marine  
  98  9:11  Marine  
  100  9:17  SCV x3  
  101  9:24  Marine x2  
  101  9:29  SCV x2  
  105  9:33  Marine x2  
  105  9:34  Marine x2  
  105  9:36  SCV  
  110  9:41  SCV  
  114  9:50  Marine  
  114  9:51  Marine  
Show
View Real Time Build Order
Export as new Build Order

SHIVERED Terran 

Build Orders:  

Get SALT Encoding   

  12  0:00  SCV  
  13  0:13  SCV  
  14  0:18  Supply Depot  
  14  0:25  SCV  
  15  0:40  Barracks, SCV  
  16  0:44  Refinery  
  16  0:52  SCV  
  17  1:00  Barracks  
  17  1:12  Barracks  
  17  1:18  Refinery  
  17  1:23  SCV  
  18  1:30  Reaper  
  19  1:43  Orbital Command  
  19  1:48  Reaper  
  20  1:59  Reaper  
  21  2:02  Reaper  
  22  2:10  Supply Depot  
  22  2:12  SCV  
  23  2:31  Reaper, SCV  
  23  2:34  Reaper  
  26  2:40  Reaper  
  26  2:43  SCV  
  27  2:55  SCV  
  25  3:03  Reaper  
  26  3:06  Marine  
  26  3:08  SCV  
  26  3:12  Reaper  
  29  3:20  SCV  
  29  3:24  Reaper  
  31  3:34  SCV  
  31  3:35  Reaper  
  30  3:44  Reaper  
  30  3:45  Command Center  
  30  3:46  SCV  
  30  3:56  Reaper  
  30  3:58  SCV  
  31  4:08  Reaper  
  31  4:10  SCV  
  31  4:16  Reaper  
  26  4:29  Reaper  
  19  4:41  SCV  
  19  5:07  Marine x3  
  22  5:25  Marine  
  23  6:33  SCV  
  24  6:45  SCV  
  25  6:57  SCV  
Tags
 
Add a new tag
Caveats
  • Supply blocks, unpowered buildings, or Contaminate may cause inaccurate times.
  • Supply counts are checked every 10 seconds.